[Event "5th Sharjah Masters 2022"]
[Site "Sharjah"]
[Date "2022.05.24"]
[Round "4.4"]
[White "Deac, Bogdan-Daniel"]
[Black "Muradli, Mahammad"]
[Result "1-0"]
[ECO "D24"]
[WhiteElo "2671"]
[BlackElo "2539"]
[Annotator "TA"]
[PlyCount "134"]
[EventDate "2022.05.21"]
[EventType "swiss"]
[EventCountry "UAE"]
[SourceTitle "playchess.com"]
[Source "ChessBase"]
[SourceQuality "1"]
[TimeControl "5400+30"]

1. d4 d5 2. c4 e6 3. Nf3 Nf6 4. Nc3 dxc4 5. e4 b5 6. e5 {[%emt 0:00:27] D24: Queen's Gambit Accepted: 3 Nf3 Nf6 4 Nc3.} Nd5 7. Nxb5 Nb6 8. Be2 {[%emt 0:00:34] White is slightly better.} Nc6 {[%emt 0:00:19][%cal Bb8c6,Bc6a5,Ba5b3,Bb3c5,Bc5a4][%mdl 32] 8...Nc6 scores better than 8...Be7.} 9. Be3 Be7 10. a3 Rb8 11. Qc2 Qd7 12. Nc3 Bb7 13. Rd1 Na5 14. h4 Bc6 15. Rh3 {[%emt 0:05:28] [#]} Ba4 $146 ({Predecessor:} 15... h6 16. Rg3 g6 17. d5 Bxd5 18. Nxd5 Nxd5 19. Bxa7 Rb7 20. Bd4 Qc6 21. Rg4 h5 {1-0 (55) Yilmaz,M (2624)-Bogner,S (2574) Sharjah 2021}) 16. Nxa4 Qxa4 17. Qc1 Nb3 18. Qc3 Nd5 {[%emt 0:00:40] Pair of Knights!} 19. Qc2 c3 20. bxc3 {[%emt 0:00:42] Rb1 is the strong threat.} Nc5 21. Qxa4+ Nxa4 22. c4 Nxe3 23. fxe3 Nc3 24. Rd3 Rb1+ 25. Kd2 Rb2+ 26. Kxc3 Rxe2 27. c5 Rxg2 28. h5 Kd7 29. Rd2 Rg4 30. Rb2 (30. h6 $16) 30... f5 $11 31. exf6 (31. Kd3 {with more complications.} Kc6 32. Rb1 Rg8 33. Nd2) 31... gxf6 32. Kd3 Rhg8 33. Rb7 Rg2 34. Nd2 (34. Rxa7 $5 Rb2 35. Ne1 $14) 34... Kc6 35. Rxa7 {[%emt 0:01:39] Black must now prevent Ra6+.} Bxc5 $1 36. Ra5 Be7 (36... Bb6 $5 37. Ra4 Rg1 $11) 37. Rh1 R8g5 38. Ra8 Rb5 39. Re8 Rb2 (39... Kd7 $5 40. Rh8 e5 $14) 40. Rd1 Kd7 41. Rh8 Bxa3 42. Rxh7+ Kc6 43. Nc4 Rb3+ 44. Ke4 Bb4 {[%emt 0:00:28] Against Na5+} 45. Rc1 {[%emt 0:00:50] Dancing on a razor blade. White is more active.} Kb7 46. Kf3 {[%emt 0:00:36] Inhibits Rg4.} Rg5 47. Ke2 Rg2+ 48. Kf3 Rg5 49. Ke2 (49. Kf4 $14) 49... Rg2+ 50. Kf3 (50. Kf1 $11 Rh2 51. Kg1) 50... Rg5 $1 $14 51. Rc2 (51. Kf4 $14) 51... Kb8 ({Black should play} 51... Rf5+ $11 52. Ke2 Rg5 53. Rc1) 52. Rb2 Rxb2 53. Nxb2 {[%emt 0:00:03][%mdl 4096] Endgame KRB-KRN} Kb7 54. Nd3 Bd6 55. Rh6 (55. Nf4 $16) 55... e5 56. dxe5 Bxe5 57. Rh7 {[%emt 0:00:33] White wants to play h6.} Bd6 58. Nf4 Rg1 (58... Kc6 $11) 59. h6 (59. Ke4 $14) 59... Rh1 $11 60. Kg4 Bc5 (60... Bf8 $1 $11) 61. Nd5 Kc6 62. e4 ({Don't play} 62. Nxf6 Bxe3 63. Nh5 Bd2 $11) 62... Kd6 63. Rh8 ({Reject} 63. Rxc7 Rxh6 64. Rg7 Ke5 $11) ({Much worse is} 63. Nxc7 Ke5 $11) ({White should try} 63. Ne7 $14 Ke5 64. Nf5) 63... Bd4 64. Kf5 {[%emt 0:00:15] And now h7 would win.} Rf1+ $2 {[%emt 0:00:35][%mdl 8192] [#] Black cannot hold the game after this.} (64... c6 $14) 65. Kg6 $1 $18 {[%emt 0:00:06] aiming for Rd8+. White is clearly winning.} Rg1+ {[%emt 0:00:21] [#]} 66. Kf7 $1 {[%emt 0:00:12] Strongly threatening Rd8+.} Rh1 67. Nxf6 Bxf6 {[%emt 0:01:01] Weighted Error Value: White=0.13 (very precise) /Black=0.11 (very precise)} 1-0

[Event "5th Sharjah Masters 2022"]
[Site "Sharjah"]
[Date "2022.05.24"]
[Round "4.5"]
[White "Sindarov, Javokhir"]
[Black "Tabatabaei, M. Amin"]
[Result "1/2-1/2"]
[ECO "C50"]
[WhiteElo "2609"]
[BlackElo "2650"]
[Annotator "TA"]
[PlyCount "63"]
[EventDate "2022.05.21"]
[EventType "swiss"]
[EventCountry "UAE"]
[SourceTitle "playchess.com"]
[Source "ChessBase"]
[SourceQuality "1"]
[TimeControl "5400+30"]

1. e4 e5 2. Nf3 Nc6 3. Bc4 Nf6 4. d3 Bc5 5. Nc3 h6 6. O-O a6 {[%emt 0:01:30] Recently 6...0-0 got a lot of attention. C50: Hungarian Defence and Giuoco Pianissimo.} 7. Be3 Bxe3 8. fxe3 d6 {[%emt 0:00:14] White has an edge.} 9. d4 O-O 10. h3 b5 11. Bd3 Bb7 12. a3 Re8 {[%emt 0:01:42] [#]} 13. d5 $146 ({Predecessor:} 13. Qe1 Ne7 14. dxe5 dxe5 15. Nxe5 Qd6 16. Nf3 Ng6 17. Rd1 Qb6 18. Nd4 Rad8 19. Qf2 {½-½ (40) Kozak,A (2516)-Erdos,V (2619) Mamaia 2021}) 13... Nb8 14. b4 Nbd7 15. a4 bxa4 16. Nd2 c5 (16... c6 $15) 17. b5 Qa5 18. Ra3 Nb6 19. Qa1 $1 c4 20. Nxc4 Nxc4 21. Bxc4 {[%emt 0:00:00] [#] Strongly threatening bxa6.} axb5 22. Bxb5 Rec8 23. Bd3 Ba6 24. Rxa4 Qxc3 25. Qxc3 Rxc3 26. Rfa1 $1 Nd7 27. Rxa6 $16 Rxa6 28. Rxa6 Nc5 29. Rxd6 Nxd3 30. Rc6 $2 {[%emt 0:01:06] [#]} ({Better is} 30. Rd8+ $16 Kh7 31. cxd3) 30... Nc1 $1 $11 31. Kf1 {[%emt 0:02:00] Inhibits Ne2.} Na2 {[%emt 0:00:42] Threatens to win with ...Kf8.} ({Resist} 31... Rxe3 32. d6 Nd3 33. Kg1 (33. cxd3 Rxd3 34. Ke2 Rd4 $11) 33... Re1+ 34. Kh2 $16) 32. Ra6 $1 {[%emt 0:00:04] Weighted Error Value: White=0.18 (very precise) /Black=0.08 (flawless)} 1/2-1/2

[Event "5th Sharjah Masters 2022"]
[Site "Sharjah"]
[Date "2022.05.24"]
[Round "4.6"]
[White "Sargissian, Gabriel"]
[Black "Sadhwani, Raunak"]
[Result "1/2-1/2"]
[ECO "D38"]
[WhiteElo "2694"]
[BlackElo "2619"]
[Annotator "TA"]
[PlyCount "101"]
[EventDate "2022.05.21"]
[EventType "swiss"]
[EventCountry "UAE"]
[SourceTitle "playchess.com"]
[Source "ChessBase"]
[SourceQuality "1"]
[TimeControl "5400+30"]

1. d4 Nf6 2. c4 e6 3. Nf3 d5 4. Nc3 Bb4 5. Bg5 h6 6. Bxf6 Qxf6 7. Qa4+ Nc6 8. e3 O-O {[%emt 0:00:25] D38: Queen's Gambit Declined: Ragozin Defence (4 Nf3 Bb4).} 9. Be2 dxc4 10. O-O Bd7 {[%emt 0:04:16] Threatens to win with ...Bxc3.} 11. Bxc4 Bxc3 12. bxc3 Rfd8 {[%emt 0:00:24][%cal Oc6d4] Hoping for ...Nxd4!} 13. Be2 Be8 {[%emt 0:00:24][%cal Oc6d4] [#] White must now prevent ...Nxd4!} (13... e5 {feels hotter.} 14. Qc2 Bf5 15. Bd3 Bxd3 16. Qxd3 b6) 14. Qa3 Qe7 15. Qxe7 Nxe7 16. Rfb1 Rab8 17. a4 {[%emt 0:01:45] [#]} c5 $146 ({Predecessor:} 17... Nd5 18. Rb3 a5 19. Ne5 Nb6 20. Bb5 f6 21. Bxe8 Rxe8 22. Nf3 Nc4 23. Kf1 b6 {½-½ (39) Raessler,A (2347)-Langer,R (2451) ICCF email 2021}) 18. Bb5 Nd5 19. Ra3 b6 20. g3 Rbc8 21. Bxe8 Rxe8 22. a5 bxa5 23. Rb7 Re7 24. Rxe7 Nxe7 25. Rxa5 $11 {[%emt 0:00:14][%mdl 4096] Endgame KRN-KRN} Nd5 26. dxc5 Nxc3 27. Nd4 a6 28. c6 Nb5 {[%emt 0:00:24] The position is equal.} 29. Rxa6 Nxd4 30. exd4 {[%emt 0:00:24] KR-KR} Kf8 31. Kg2 Ke7 32. Ra7+ Ke8 33. Ra6 Ke7 34. Kf3 Kd6 35. Ra7 Rc7 36. Rxc7 Kxc7 {[%emt 0:00:05] KP-KP} 37. Ke4 Kxc6 38. Ke5 Kd7 39. d5 exd5 40. Kxd5 {[%emt 0:00:05] K3P-K3P} Ke7 41. Ke5 f6+ 42. Kf5 Kf7 43. g4 Kg8 44. Kg6 Kh8 45. Kf7 Kh7 46. f4 Kh8 $1 47. h4 Kh7 48. g5 hxg5 49. hxg5 (49. fxg5 f5 50. h5 f4 51. Ke6 f3 52. h6 f2 53. Kd6 f1=Q 54. Kc5 Qf4 55. Kd5 gxh6 56. gxh6 Kxh6 57. Kc6 Qb4 58. Kd5 Kg6 59. Kc6 Kg5 60. Kd7 Qc5 61. Kd8 Kg6 62. Kd7 Kf6 63. Kd8 Ke6 64. Ke8 Qe7#) 49... fxg5 50. fxg5 Kh8 $1 51. g6 {[%emt 0:00:16] Weighted Error Value: White=0.02 (flawless) /Black=0.02 (flawless)} 1/2-1/2

[Event "5th Sharjah Masters 2022"]
[Site "Sharjah"]
[Date "2022.05.24"]
[Round "4.7"]
[White "Erigaisi Arjun"]
[Black "Ganguly, Surya Shekhar"]
[Result "1/2-1/2"]
[ECO "B13"]
[WhiteElo "2675"]
[BlackElo "2616"]
[Annotator "TA"]
[PlyCount "111"]
[EventDate "2022.05.21"]
[EventType "swiss"]
[EventCountry "UAE"]
[SourceTitle "playchess.com"]
[Source "ChessBase"]
[SourceQuality "1"]
[TimeControl "5400+30"]

1. d4 Nf6 2. Nc3 d5 3. Bf4 c5 4. e3 cxd4 5. exd4 a6 6. Nf3 {[%emt 0:00:07] B13: Caro-Kann: Exchange Variation and Panov-Botvinnik Attack.} Nc6 7. Ne5 Bd7 8. g4 {[%emt 0:00:06] Recently 8.g3 got a lot of attention.} h6 (8... e6 $5 ) 9. Nxc6 Bxc6 10. Qf3 e6 11. O-O-O {[%emt 0:01:15] [#]} Bb4 $146 ({Predecessor:} 11... Rc8 12. Bd3 Qb6 13. Rhe1 Bb4 14. Bxh6 Rxh6 15. g5 Rxh2 16. gxf6 g5 17. Qg4 Qc7 18. Qxg5 {½-½ (34) Grayland,S (2352)-Mason,I (2272) ICCF email 2021}) 12. a3 Bxc3 13. Qxc3 Ne4 14. Qe1 Qh4 15. f3 Qf6 16. Qe3 {[%emt 0:00:26] [#]} Nf2 17. Qxf2 Qxf4+ 18. Kb1 h5 19. Qg3 $36 {[%emt 0:01:49][%mdl 2048] White is more active.} g5 20. Qxf4 gxf4 21. g5 Rg8 22. h4 Bb5 (22... f6 $11 {keeps the balance.}) 23. Bxb5+ $16 axb5 {[%emt 0:00:03][%mdl 4096] Endgame KRR-KRR} 24. Rd3 (24. Rde1 $16) 24... Kd7 (24... Ra4 $11 {deserves consideration.}) 25. Rb3 Kc6 26. Re1 Ra4 $1 27. c3 Rc4 28. Kc2 Ra4 29. Ra1 Rga8 30. Kd3 R4a5 31. Rb4 Kc7 32. Kc2 Kc6 33. Re1 Re8 34. Kb3 Kd6 35. Ra1 Kc6 (35... Rea8 $14) 36. a4 bxa4+ 37. Rbxa4 Rxa4 38. Rxa4 $14 {[%emt 0:00:07] KR-KR} Kd6 39. Ra7 Kc6 40. Kb4 (40. Ra1 $16) 40... e5 $1 $11 41. dxe5 Rxe5 42. Ra8 Re2 43. b3 (43. Kb3 $5 ) 43... Re3 {[%emt 0:00:56] The position is equal.} 44. Rf8 Rxf3 45. Rxf7 Kd6 46. Rh7 Rg3 47. Rxh5 f3 48. Rh6+ Ke5 49. Rf6 d4 50. cxd4+ Kxd4 51. g6 {[%emt 0:01:20] [#] And now h5 would win.} Ke3 52. Re6+ Kd2 53. Rd6+ Ke2 {[%emt 0:00:04] Hoping for ...f2.} 54. Re6+ Kd2 {[%emt 0:00:06] ...f2 is the strong threat.} 55. Rd6+ Ke2 {[%emt 0:00:06] Strongly threatening ...f2.} 56. Re6+ {[%emt 0:00:04] Weighted Error Value: White=0.10 (very precise) /Black=0.08 (flawless)} 1/2-1/2

[Event "5th Sharjah Masters 2022"]
[Site "Sharjah"]
[Date "2022.05.24"]
[Round "4.8"]
[White "Ponkratov, Pavel"]
[Black "Narayanan.S.L"]
[Result "1/2-1/2"]
[ECO "A33"]
[WhiteElo "2624"]
[BlackElo "2662"]
[Annotator "TA"]
[PlyCount "85"]
[EventDate "2022.05.21"]
[EventType "swiss"]
[EventCountry "UAE"]
[SourceTitle "playchess.com"]
[Source "ChessBase"]
[SourceQuality "1"]
[TimeControl "5400+30"]

1. Nf3 Nf6 2. c4 c5 3. Nc3 Nc6 4. d4 cxd4 5. Nxd4 e6 6. g3 Qb6 7. Nb3 Ne5 8. e4 Bb4 9. Qe2 d6 $1 10. Bd2 $1 {[%emt 0:00:12][%mdl 4] is currently scoring better than 10.f4. A33: Symmetrical English: 2 Nf3 Nf6 3 d4 cxd4 4 Nxd4 e6 5 Nc3 Nc6.} a5 11. f4 Nc6 12. Be3 Qc7 13. Nd2 Bxc3 14. bxc3 b6 {[%emt 0:03:16] [#]} 15. Bg2 $146 ({Predecessor:} 15. Rb1 Rb8 16. g4 Ba6 17. g5 Nd7 18. h4 Ne7 19. Qf2 O-O 20. Rh3 d5 21. exd5 exd5 {1-0 (40) Abbasov,F (2552)-Ninov,N (2515) La Fere 2008}) 15... Ba6 16. O-O O-O 17. Rab1 Nd7 18. Rfd1 Rab8 19. Bf2 Ne7 20. Rb2 Rfd8 21. Qe3 Nc5 22. h3 Na4 {[%emt 0:06:18][%csl LRb2,LRc4] Pair of Knights!} 23. Rb3 d5 24. cxd5 exd5 25. Re1 (25. e5 $11) 25... h6 $15 {[%emt 0:10:38] White must now prevent ...Nc5.} 26. Qf3 (26. g4 $15) 26... dxe4 $17 27. Qxe4 Rxd2 28. Qxa4 Bc4 {[%emt 0:04:32] [#]} (28... b5 $1 $17 29. Qe4 Nd5) 29. Rxe7 $1 $14 Qxe7 30. Qxc4 Rbd8 (30... Rxa2 $14 31. Rxb6 Ra1+ 32. Kh2 Rxb6 33. Bxb6 a4) 31. Rb1 ({Weaker is} 31. Bxb6 Rd1+ 32. Kh2 R8d2 $11) 31... Rd1+ 32. Rxd1 Rxd1+ {[%emt 0:00:03] [#]} 33. Bf1 $1 Qd7 34. Bxb6 {[%emt 0:01:22] Strongly threatening Kf2.} Qxh3 {[%emt 0:00:32] [#]} 35. Bf2 (35. Kf2 $1 $18 {and the rest is easy.} Rd2+ 36. Ke1) 35... Qd7 (35... a4 $16) 36. Qe4 (36. Qe2 $18) 36... a4 (36... Ra1 $16) 37. a3 (37. Kg2 $18) 37... Ra1 $16 38. Bd4 {[%emt 0:01:46] Threatens to win with Kg2.} (38. Qe2 $5 ) 38... Qh3 39. Qd3 Qg4 ({Black should play} 39... h5 $1 $14) 40. Kf2 {[%emt 0:01:04] And now Qb5 would win.} Rxa3 41. Qd2 {[%emt 0:00:36] Inhibits Ra2.} (41. Qb5 $18 {Intending Qe8+ and mate.} Ra2+ 42. Be2) 41... Qe6 $11 {[%emt 0:00:32] ...Ra2 is the strong threat.} 42. c4 Rb3 43. Qc2 {[%emt 0:00:53] Weighted Error Value: White=0.24 (precise) /Black=0.21 (precise)} 1/2-1/2

[Event "5th Sharjah Masters 2022"]
[Site "Sharjah"]
[Date "2022.05.24"]
[Round "4.9"]
[White "Abdusattorov, Nodirbek"]
[Black "Aryan Chopra"]
[Result "1-0"]
[ECO "B33"]
[WhiteElo "2661"]
[BlackElo "2609"]
[Annotator "TA"]
[PlyCount "97"]
[EventDate "2022.05.21"]
[EventType "swiss"]
[EventCountry "UAE"]
[SourceTitle "playchess.com"]
[Source "ChessBase"]
[SourceQuality "1"]
[TimeControl "5400+30"]

1. e4 c5 2. Nf3 Nc6 3. d4 cxd4 4. Nxd4 Nf6 5. Nc3 e5 6. Ndb5 d6 7. Nd5 Nxd5 8. exd5 Nb8 9. a4 Be7 10. Be2 O-O 11. O-O {[%emt 0:00:23] B33: Sicilian: Pelikan and Sveshnikov Variations.} Nd7 12. Bd2 {[%emt 0:01:48] is cutting edge theory.} a6 13. Na3 {[%emt 0:00:07] The position is equal.} a5 14. Nb5 Nc5 {[%emt 0:00:41] [#]} 15. c3 $146 ({Predecessor:} 15. c4 f5 16. b4 axb4 17. Bxb4 b6 18. Bxc5 bxc5 19. Qd2 Ra5 20. Rfb1 Bd7 21. Bd1 {1-0 (37) Rodchenkov,S (2346)-Popadic,D (2143) Chess.com INT 2022}) 15... Bd7 16. b4 Ne4 17. Be1 axb4 18. cxb4 Rc8 19. a5 Bg5 20. Qb3 Bxb5 21. Bxb5 Nd2 22. Bxd2 Bxd2 23. Ra2 $1 Qg5 (23... Bg5 $14) 24. a6 $1 $16 bxa6 25. Bxa6 Rb8 26. b5 e4 27. b6 e3 28. b7 $1 exf2+ 29. Kxf2 ({Stronger than} 29. Rxf2 Be3 $17) 29... Rfe8 30. Kg1 Be3+ 31. Kh1 Bc5 32. Re2 Rxe2 33. Bxe2 Qe5 34. Ba6 g6 35. Qh3 f5 36. Qh4 Qe4 (36... h5 $142 37. Qa4 Kh7) 37. Qf6 Qe3 38. Qa1 {[%emt 0:06:45] White is more active.} Kf7 39. Re1 Qd2 40. Re6 Bd4 (40... Qxd5 $142 41. Qf6+ Kg8) 41. Qe1 $1 {[%emt 0:00:54] Chess con chili.} Qxe1+ 42. Rxe1 {[%emt 0:00:02][%mdl 4096] Endgame KRB-KRB} Ba7 {[%emt 0:00:17] [#]} 43. g3 $1 Re8 44. Ra1 {[%emt 0:00:05] Hoping for Bb5.} Re7 (44... Rb8 $16 {was called for.}) 45. Rc1 $18 {[%emt 0:00:33] White has a decisive advantage.} Kf6 46. Kg2 {[%emt 0:02:28] aiming for Rc8.} Re3 47. Rc8 Ra3 48. Bb5 Ra2+ {[%emt 0:00:14] [#]} 49. Kf1 $1 {[%emt 0:00:29] Weighted Error Value: White=0.05 (flawless) /Black=0.15 (very precise)} 1-0

[Event "5th Sharjah Masters 2022"]
[Site "Sharjah"]
[Date "2022.05.24"]
[Round "4.10"]
[White "Indjic, Aleksandar"]
[Black "Gukesh D"]
[Result "1/2-1/2"]
[ECO "A13"]
[WhiteElo "2621"]
[BlackElo "2659"]
[Annotator "TA"]
[PlyCount "76"]
[EventDate "2022.05.21"]
[EventType "swiss"]
[EventCountry "UAE"]
[SourceTitle "playchess.com"]
[Source "ChessBase"]
[SourceQuality "1"]
[TimeControl "5400+30"]

1. c4 e6 2. g3 d5 3. Bg2 Nf6 4. Nf3 d4 5. O-O c5 6. e3 Nc6 7. exd4 cxd4 8. d3 Be7 {[%emt 0:03:32] A13: English Opening: 1...e6.} 9. Re1 $1 {[%emt 0:01:48] The main line 9.Re1 scores better than 9.Na3.} O-O 10. Na3 Bc5 11. Nc2 a5 {[%emt 0:00:22][%cal Ba7a5,Ba5a4][%mdl 32] [#]} 12. Rb1 $146 ({Predecessor:} 12. b3 Nd7 13. a3 e5 14. Rb1 Re8 15. b4 axb4 16. axb4 Bf8 17. Bg5 f6 18. Bd2 {1-0 (31) Parvanyan,A (2449)-Dubiel,J (2414) Magdeburg 2020}) 12... Re8 13. a3 a4 $1 14. Ne5 Nxe5 15. Rxe5 Nd7 16. Re1 e5 (16... Bb6 $11 {is superior.}) 17. Nb4 Bd6 18. f4 exf4 19. Bxf4 Bxf4 20. gxf4 Nf6 21. Rxe8+ Qxe8 22. Qe1 Qd8 $1 (22... Qe3+ 23. Qxe3 dxe3 24. Re1 $16) 23. Qh4 (23. Qe5 {feels hotter.} Ng4 24. Qg5 Qe8 25. Nd5) 23... Qc7 24. Re1 {[%emt 0:00:18] [#] Hoping for Nd5.} Be6 25. Re5 Rd8 26. Rb5 (26. Qg3 $5 ) 26... Bc8 (26... Bxc4 $5 27. Rxb7 (27. dxc4 Qxc4 28. Rxb7 d3 $17) 27... Qc8 $11) 27. Re5 Be6 28. Qg3 g6 29. Rb5 (29. Qg5 $5 Nh5 30. Qh4 $16) 29... Bc8 30. Qg5 Rd6 31. Re5 (31. f5 $14 Qe7 32. c5) 31... Kg7 $11 32. h3 b6 33. Qh4 Be6 34. Qf2 h6 35. Re1 Qd7 36. Kh2 {[%emt 0:00:27] The position is equal.} Qc7 37. Kg1 Qd7 38. Kh2 Qc7 {[%emt 0:00:04] Weighted Error Value: White=0.10 (very precise) /Black=0.10 (very precise)} 1/2-1/2

[Event "5th Sharjah Masters 2022"]
[Site "Sharjah"]
[Date "2022.05.24"]
[Round "4.11"]
[White "Aravindh, Chithambaram VR."]
[Black "Martirosyan, Haik M."]
[Result "0-1"]
[ECO "D05"]
[WhiteElo "2606"]
[BlackElo "2652"]
[Annotator "TA"]
[PlyCount "98"]
[EventDate "2022.05.21"]
[EventType "swiss"]
[EventCountry "UAE"]
[SourceTitle "playchess.com"]
[Source "ChessBase"]
[SourceQuality "1"]
[TimeControl "5400+30"]

1. d4 Nf6 2. Nf3 d5 3. e3 e6 4. Bd3 c5 5. b3 Nc6 6. O-O Bd7 {[%emt 0:07:00] D05: Colle System with ...e6.} 7. Bb2 Rc8 8. a3 cxd4 {[%emt 0:01:19] White has an edge.} 9. exd4 g6 10. Nbd2 Bg7 {[%emt 0:01:00] [#]} 11. c4 $146 ({Predecessor:} 11. Re1 O-O 12. Rc1 Re8 13. c4 e5 14. cxd5 Nxd5 15. dxe5 Nf4 16. Bb1 Nxe5 17. Rxc8 Bxc8 18. Nxe5 {½-½ (18) Renard,S (1967)-Barbaut,M (1980) France 2004}) 11... dxc4 12. bxc4 O-O 13. Re1 b6 14. Rc1 Ne7 15. Ne5 Bc6 16. Ndf3 Bxf3 17. Nxf3 Nc6 18. Bf1 Qd6 19. Qa4 Qf4 20. c5 Nd5 21. Bb5 Nce7 {[%emt 0:01:17] Pair of Knights!} 22. Bd7 (22. Qxa7 Ra8 23. Qb7 bxc5 24. Rxc5 Qd6 $17) (22. Ne5 $11) 22... Rc7 $15 {[%emt 0:01:49] And now ...bxc5 would win.} 23. c6 Nf5 ({Better is} 23... Nf6 $17) 24. Qb3 $11 ({Of course not} 24. Rxe6 fxe6 25. Bxe6+ Kh8 26. Bxd5 Nxd4 $1 $17 ) 24... Nf6 (24... Nxd4 $2 25. Bxd4 Bxd4 26. Rc4 Bxf2+ 27. Kxf2 $18) (24... Bxd4 $2 25. Rc4 $18) (24... Nh4 $11) 25. g3 $36 {[%emt 0:00:13][%mdl 2048] Black is under pressure.} Qd6 26. a4 $1 Rd8 {[%emt 0:06:32] [#]} 27. Ba3 (27. Rxe6 $1 $14 fxe6 28. Bxe6+ Kh8 29. Ba3 Rxc6 30. Rxc6 Qxc6 31. Ne5 Nxd4 32. Nxc6 Nxb3 33. Nxd8) 27... Qd5 $11 28. Qxd5 Nxd5 29. g4 Nxd4 30. Nxd4 Bxd4 31. Bd6 Rcxd7 32. cxd7 Rxd7 33. Rc8+ Kg7 34. Bg3 g5 35. Kg2 Bc5 36. h4 gxh4 37. Bxh4 Nf4+ 38. Kf3 Ng6 39. Bg5 Rd3+ 40. Be3 Ra3 41. Rc7 a5 42. Rb7 h6 43. Kg3 Kf6 ({Don't take} 43... Rxa4 44. Bxc5 bxc5 45. Rxe6 $16) 44. Re2 Ne5 45. Kh4 Rxa4 46. Bxc5 bxc5 (46... Rxg4+ $2 47. Kh3 bxc5 {[#]} 48. Rxe5 $1 $18) 47. f3 (47. Kh3 $17) 47... Nxf3+ $19 48. Kh5 (48. Kg3 {was forced.} Ne5 49. Rb5) 48... Ra1 {[%emt 0:00:38] ( -> ...Rh1+)} 49. g5+ Nxg5 {[%emt 0:00:22] Weighted Error Value: White=0.16 (very precise) /Black=0.07 (flawless)} ({Stronger than} 49... hxg5 50. Rf2 $11) 0-1

[Event "5th Sharjah Masters 2022"]
[Site "Sharjah"]
[Date "2022.05.24"]
[Round "4.12"]
[White "Sethuraman, S.P."]
[Black "Sargsyan, Shant"]
[Result "1/2-1/2"]
[ECO "C84"]
[WhiteElo "2613"]
[BlackElo "2641"]
[Annotator "TA"]
[PlyCount "39"]
[EventDate "2022.05.21"]
[EventType "swiss"]
[EventCountry "UAE"]
[SourceTitle "playchess.com"]
[Source "ChessBase"]
[SourceQuality "1"]
[TimeControl "5400+30"]

1. e4 e5 2. Nf3 Nc6 3. Bb5 a6 4. Ba4 Nf6 5. O-O Be7 6. d3 b5 7. Bb3 d6 8. c3 O-O 9. h3 $1 {[%emt 0:00:06][%mdl 4] is more profitable than 9.Re1 at the moment. C84: Closed Ruy Lopez: Unusual White 6th moves.} Re8 10. Re1 Bf8 {[%emt 0:00:43] [#]} 11. a4 $146 {[%emt 0:02:30] White has an edge.} ({Predecessor:} 11. Nbd2 Na5 12. Bc2 c5 13. Nf1 g6 14. Bg5 h6 15. Bxf6 Qxf6 16. Ne3 Be6 17. Qd2 Nc6 18. Bb3 Bg7 19. Bd5 Rac8 20. a4 Ne7 21. Bb7 Rb8 22. Bxa6 bxa4 23. Rxa4 Bxh3 {0-1 (61) Guerra Tulcan,L (2421)-Granda Zuniga,J (2640) Quito 2012}) 11... Bd7 12. Bg5 Rb8 13. axb5 axb5 14. Nbd2 h6 15. Bh4 g6 (15... g5 $5 16. Bg3 b4 $14) 16. Nf1 Bg7 17. Ne3 Qc8 18. Bg3 Ra8 19. Nh4 {[%emt 0:06:04] Hoping for Nxg6.} Ne7 20. Rxa8 {[%emt 0:08:00] Weighted Error Value: White=0.07 (flawless) /Black=0.07 (flawless)} 1/2-1/2